 Dungeon Crawl Stone Soup version 0.24-a0-279-ga7546fe674 (webtiles) character file.

Game seed: 14303232039782581891

58 HAL9000 the Sneak (level 4, -1/23 HPs)
             Began as a Vine Stalker Assassin on May 1, 2019.
             Splashed by a jelly's acid (2 damage)
             ... on level 2 of the Dungeon.
             The game lasted 00:01:46 (2019 turns).

HAL9000 the Sneak (Vine Stalker Assassin)           Turns: 2019, Time: 00:01:47

Health: -1/23      AC: -5    Str: 15    XL:     4   Next: 1%
Magic:  0/5        EV: 11    Int: 11    God:
Gold:   26         SH:  0    Dex: 15    Spells: 3/3 levels left

rFire    . . .     SeeInvis .   a - +2 dagger
rCold    . . .     Gourm    .   (no shield)
rNeg     . . .     Faith    .   c - +0 robe
rPois    .         Spirit   +   (no helmet)
rElec    .         Reflect  .   d - +0 cloak
rCorr    .         Harm     .   (no gloves)
MR       .....                  (no boots)
Stlth    +++.......             (no amulet)
HPRegen  0.47/turn              (no ring)
MPRegen  0.09/turn              (no ring)

@: corroded
A: fangs 2, regeneration 1, magic shield, antimagic bite, no potion heal 3, rot
immunity
a: no special abilities


You were on level 2 of the Dungeon.
You were not hungry.

You visited 1 branch of the dungeon, and saw 2 of its levels.

You collected 26 gold pieces.

Inventory:

Hand Weapons
 a - a +2 dagger (weapon)
 b - a +0 blowgun
Missiles
 e - 13 poisoned needles
 f - 2 curare-tipped needles
Armour
 c - a +0 robe (worn)
 d - a +0 cloak (worn)
Scrolls
 h - a scroll of identify {unknown}
 l - a scroll of remove curse {unknown}
 n - a scroll of blinking {unknown}
Potions
 i - 2 potions of haste {unknown}
 j - a potion of lignification {unknown}
 k - a potion of curing {unknown}
 m - a potion of invisibility {unknown}
Comestibles
 g - 2 rations


   Skills:
 - Level 1.7 Fighting
 + Level 2.1 Short Blades
 - Level 1.7 Throwing
 - Level 0.7 Dodging
 + Level 6.6 Stealth


You had 3 spell levels left.
You didn't know any spells.
Your spell library was empty.

Dungeon Overview and Level Annotations

Branches:
Dungeon (2/15)

Altars:

Annotations:
D:2 Robin


Innate Abilities, Weirdness & Mutations

You have extremely sharp teeth.
Your natural rate of healing is unusually fast.
When hurt, damage is shared between your health and your magic reserves.
Your bite disrupts and absorbs the magic of your enemies.
Potions cannot restore your health.
You are immune to rotting.


Message History

The jelly barely misses you.
Found 27 stones.
The jelly barely misses you.
There is a stone staircase leading up here.
You hit the jelly.
Your hands burn!
You bite the jelly. You drain its power.
You feel invigorated.
The jelly is heavily wounded.
The jelly hits you.
You are splashed with acid!
You hit the jelly. The acid corrodes you!
Your hands burn!
The jelly is severely wounded.
The jelly hits you.
You are splashed with acid!
* * * LOW HITPOINT WARNING * * *
Unknown command.
You are too injured to fight recklessly!
Unknown command.
Okay, then.
There are no items here.
Unknown command.
You hit the jelly but do no damage. The acid corrodes you!
Your hands burn!
You die...

..........#.#
..######..#.#
.......÷.g#.#
.########g#.# ### .#
#.#.. ..# ## #h###
#(# # #.# #.# # ##.##
#.# # #...#####@# #
##.#.gghgJ.# #
#....##########
#######..#..†÷.......
..†.....#.##########.
## #########.# .. #.#
.. #. #.# #..# #. #.#
#.. #.


You could see a jelly, a jackal and 3 goblins.

Vanquished Creatures
  An adder (D:2)
  An ooze (D:1)
  A dart slug (D:2)
  6 bats
  3 giant cockroaches
  5 goblins
  2 hobgoblins (D:1)
  9 jackals
  2 ball pythons
  A kobold (D:1)
  7 rats
38 creatures vanquished.

Notes
Turn   | Place    | Note
-------+----------+-------------------------------------------
     0 | D:1      | HAL9000 the Vine Stalker Assassin began the quest for the
                  | Orb.
     0 | D:1      | Reached XP level 1. HP: 11/11 MP: 2/2
    21 | D:1      | Reached skill level 5 in Stealth
   315 | D:1      | Reached XP level 2. HP: 15/15 MP: 3/3
   396 | D:1      | Reached XP level 3. HP: 4/18 MP: 2/4
   399 | D:1      | Reached skill level 6 in Stealth
  1977 | D:2      | Noticed Robin
  1980 | D:2      | Gained mutation: Your natural rate of healing is unusually
                  | fast. [Vine Stalker growth]
  1980 | D:2      | Reached XP level 4. HP: 20/23 MP: 5/5
  2018 | D:2      | HP: 1/23 [acid (6)]
  2019 | D:2      | Splashed by a jelly's acid

Levels and vault maps discovered:
D:1:      co_arrival_random_square_maze, layout_loops_cross, minmay_bisected
D:2:      layout_loops_ring, first_ration, ebering_dispersal_statue_hall,
          nicolae_ashenzari_panopticon, uniq_robin

Skill      XL: |  1  2  3 |
---------------+----------+-----
Stealth        | 5 6 |  6.6
Short Blades   | 2 |  2.1
Fighting       | |  1.7
Throwing       | |  1.7
Dodging        | |  0.7

Action                   |  1- 3 |  4- 6 || total
-------------------------+-------+-------++-------
Melee: Dagger            |    98 |     3 ||   101
       Bite              |    25 |     1 ||    26
 Stab: Sleeping          |    15 |       ||    15
       Distracted        |     1 |       ||     1
  Eat: Ration            |     1 |       ||     1
Armor: Robe              |    39 |     1 ||    40
Dodge: Dodged            |    42 |     5 ||    47

Table legend:
 A = Non-vault XP
 B = Vault XP
 C = Vault XP percentage of total XP
 D = Non-vault monster count
 E = Vault monster count
 F = Vault count percentage of total count
                 A         B        C        D         E       F
            +---------+---------+-------+---------+---------+-------
      Total |      78 |       5 |   6.0 |      35 |       3 |   7.9
            +---------+---------+-------+---------+---------+-------
        D:1 |      46 |       3 |   6.1 |      24 |       2 |   7.7
        D:2 |      32 |       2 |   5.9 |      11 |       1 |   8.3
            +---------+---------+-------+---------+---------+-------
